cohdb
Replays
Latest Replays
All Replays
Popular Replays
Top Player Replays
Match Explorer
How It Works
Community
CoH3 Stats
Reddit
Sign in to upload your games and track your stats! →
Sign in with Steam
Match 43760544
Unlisted
Match 43760544
Overview
Messages
Build Orders
End
Kettenkrad Recon Vehicle
Selects Luftwaffe Battlegroup
Selects Luftwaffe Pioneer Support
Fallschirmpioneer Squad Paradrop
Fallschirmpioneer Squad Paradrop
Medical Station
Fallschirmpioneer Squad Paradrop
Construct Infanterie Kompanie
Selects Reconnaissance Run
Forward Retreat Point
Construct Luftwaffe Kompanie
LECHU
【嗜血狼族】灵狐魅儿
MrGlaucus
Alân
Frost233233
山城胖哥
Michty Action X
Quejour
0
0
Comments
sign in to comment!
No comments posted yet!